 Dungeon Crawl Stone Soup version 0.28-a0-1159-g27aa881441 (webtiles) character file.

Game seed: 2719954806304953309

464 opoi34 the Chopper (level 7, -2/62 HPs)
             Began as a Hill Orc Berserker on Dec 15, 2021.
             Was a Believer of Trog.
             Slain by a scorpion (5 damage)
             ... on level 5 of the Dungeon.
             The game lasted 00:18:59 (5945 turns).

opoi34 the Chopper (Hill Orc Berserker)             Turns: 5945, Time: 00:19:00

Health: -2/62      AC:  7    Str: 22    XL:     7   Next: 8%
Magic:  7/7        EV: 10    Int:  7    God:    Trog [**....]
Gold:   232        SH:  0    Dex: 10    Spells: 6/6 levels left

rFire   . . .      SeeInvis .   a - +0 hand axe
rCold   . . .      Faith    .   (no shield)
rNeg    . . .      Spirit   .   i - +0 scale mail
rPois   .          Reflect  .   (no helmet)
rElec   .          Harm     .   (no cloak)
rCorr   .          Rampage  .   (no gloves)
Will    .....                   (no boots)
Stlth   ..........              (no amulet)
HPRegen 0.20/turn               (no ring)
MPRegen 0.10/turn               (no ring)

@: lethally poisoned (-2 -> -3)
A: no striking features
a: Renounce Religion, Berserk, Trog's Hand


You were on level 5 of the Dungeon.
You worshipped Trog.
Trog was pleased with you.
You visited 1 branch of the dungeon, and saw 5 of its levels.

You collected 232 gold pieces.

Inventory:

Hand Weapons
 a - a +0 hand axe (weapon)
 o - a +0 hand crossbow
Missiles
 p - 24 bolts
Armour
 b - a +0 animal skin
 i - a +0 scale mail (worn)
Scrolls
 c - 2 scrolls of acquirement {unknown}
 d - 3 scrolls of immolation {unknown}
 e - 2 scrolls of vulnerability {unknown}
 f - a scroll of fear {unknown}
 j - a scroll of fog {unknown}
 m - 3 scrolls of teleportation {unknown}
 n - a scroll of identify {unknown}
 q - a scroll of blinking {unknown}
Potions
 g - a potion of cancellation {unknown}
 h - a potion of lignification {unknown}
 k - a potion of flight {unknown}
 l - 2 potions of might {unknown}
 r - a potion of curing {unknown}


   Skills:
 + Level 5.6 Fighting
 + Level 6.1 Axes
 + Level 4.4 Armour
 + Level 3.2 Dodging


You had 6 spell levels left.
You didn't know any spells.
Your spell library contained the following spells:

 Spells                   Type           Power      Damage    Failure   Level
 Ensorcelled Hibernation  Hex/Ice        0%         N/A       87%         2
 Spider Form              Tmut/Pois      0%         N/A       98%         3


Dungeon Overview and Level Annotations

Branches:
Dungeon (5/15)
 Temple: D:4-7

Altars:
Hepliaklqana

Shops:
D:1 !


Message History

The scorpion closely misses you.
You barely miss the scorpion.
The scorpion is moderately wounded.
The scorpion stings you!
You barely miss the scorpion.
The scorpion is moderately wounded.
The scorpion stings you! The scorpion stings you.
You are poisoned.
The scorpion poisons you!
Okay, then.
You barely miss the scorpion.
The scorpion is moderately wounded.
You feel very sick. The scorpion stings you.
* * * LOW HITPOINT WARNING * * *
You hit the scorpion.
The scorpion is heavily wounded.
You feel very sick. The scorpion barely misses you.
You hit the scorpion.
The scorpion is severely wounded.
You feel sick.
The scorpion stings you but does no damage.
You barely miss the scorpion.
The scorpion is severely wounded.
You feel sick. The scorpion barely misses you.
You hit the scorpion but do no damage.
The scorpion is severely wounded.
You feel sick. The scorpion stings you.
* * * LOW HITPOINT WARNING * * *
You barely miss the scorpion.
The scorpion is severely wounded.
You feel sick. The scorpion stings you.
* * * LOW HITPOINT WARNING * * *
The scorpion closely misses you.
You hit the scorpion but do no damage.
The scorpion is severely wounded.
You recover from your berserk rage.
You feel sick. The scorpion stings you.
You die...

. ##.# #. #..#
#.###.######..#####
..................#
##.#..............
#.#.####..###.##.
##.#†#.##..# #
..##.....#.#..##
......s@.......#
.###...<##........
##.............
##.......#.##.
##........#
#.......>#
#........#
#.........


You could see a scorpion.

Vanquished Creatures
  A necrophage (D:5)
  An ogre (D:4)
  2 hounds
  A jelly (D:4)
  A bullfrog skeleton (D:5)
  An iguana (D:5)
  A hound skeleton (D:4)
  3 adders
  2 river rats (D:3)
  An ufetubus (D:5)
  4 worms
  A dart slug (D:4)
  6 orcs (D:4)
  4 ball pythons
  6 endoplasms
  4 giant cockroaches
  7 goblins
  4 hobgoblins
  6 kobolds
  2 quokkas
  4 bats
  A frilled lizard (D:3)
  8 rats
71 creatures vanquished.

Notes
Turn   | Place    | Note
-------+----------+-------------------------------------------
     0 | D:1      | opoi34 the Hill Orc Berserker began the quest for the Orb.
     0 | D:1      | Reached XP level 1. HP: 19/19 MP: 1/1
   296 | D:1      | Found Dopuxo's Distillery.
   513 | D:1      | Reached * piety under Trog
   868 | D:1      | Reached XP level 2. HP: 27/27 MP: 2/2
  1561 | D:1      | Found a faded altar of an unknown god.
  1961 | D:2      | Reached XP level 3. HP: 22/33 MP: 3/3
  3662 | D:3      | Reached XP level 4. HP: 32/40 MP: 4/4
  4099 | D:3      | Found a glowing drain.
  4728 | D:4      | Noticed an ogre
  4736 | D:4      | Killed an ogre
  4737 | D:4      | Reached skill level 5 in Axes
  4737 | D:4      | Reached XP level 5. HP: 42/47 MP: 5/5
  4960 | D:4      | Reached skill level 5 in Fighting
  5010 | D:4      | Reached XP level 6. HP: 48/56 MP: 6/6
  5069 | D:4      | Reached ** piety under Trog
  5501 | D:4      | Found a hazy altar of Hepliaklqana.
  5760 | D:5      | Entered Level 5 of the Dungeon
  5760 | D:5      | Noticed a necrophage
  5775 | D:5      | Killed a necrophage
  5901 | D:5      | Reached skill level 6 in Axes
  5907 | D:5      | Reached XP level 7. HP: 61/61 MP: 7/7
  5945 | D:5      | HP: 3/62 [poisoned by a scorpion]
  5945 | D:5      | Slain by a scorpion

Illustrated notes

Levels and vault maps discovered:
D:1:      sevenhm_arrival_forest_fort_large_3, layout_basic,
          chequers_ecumenical_altar_grove, serial_shops, shop,
          hangedman_decor_clover_reticule, hangedman_decor_peaks_small
D:2:      layout_basic
D:3:      layout_loops_cross, portal_sewer_entry_e
D:4:      layout_cave_pods, kennysheep_flooded_box
D:5:      layout_loops_ring, okawaru_gym_becter, columned_hall_lemuel,
          nicolae_shop_clearance

Skill      XL: |  1  2  3  4  5  6 |
---------------+-------------------+-----
Fighting       | 4 5 |  5.6
Dodging        | 2 3 |  3.2
Armour         | 3 4 |  4.4
Axes           | 5 6 |  6.1

Action                   |  1- 3 |  4- 6 |  7- 9 || total
-------------------------+-------+-------+-------++-------
Melee: Hand axe          |   137 |   117 |    20 ||   274
Invok: Berserk           |     4 |     5 |       ||     9
Armor: Animal skin       |    13 |       |       ||    13
       Scale mail        |    69 |    53 |     6 ||   128
Dodge: Dodged            |   100 |    76 |     9 ||   185

Table legend: (Time is in decaauts)
 A = Elapsed time spent in this place.
 B = Non-inter-level travel time spent in this place.
 C = Inter-level travel time spent in this place.
 D = Time resting spent in this place.
 E = Time spent auto-exploring this place.
 F = Levels seen in this place.
 G = Mean time per level.
                   A        B        C        D        E       F      G
               +--------+--------+--------+--------+--------+-----+--------+
         Total |   6054 |   6054 |      0 |   1575 |   1706 |   5 | 1210.8 |
       Dungeon |   6054 |   6054 |      0 |   1575 |   1706 |   5 | 1210.8 |
               +--------+--------+--------+--------+--------+-----+--------+

Top non-repeatable levels by time:
     D:2: 1808 daAuts
     D:1: 1697 daAuts
     D:3: 1270 daAuts
     D:4: 1072 daAuts
     D:5: 206 daAuts
